 Seeded DCSS version 0.30.1-4-g462c640d31 (webtiles) character file.

Game seed: 6351066067085065685 (custom seed)

2 Esekla the Magician (level 1, 0/10 HPs)
             Began as a Deep Elf Wanderer on Sept 8, 2023.
             Constricted to death by a ball python (1 damage)
             ... on level 1 of the Dungeon.
             The game lasted 00:02:39 (208 turns).

Esekla the Magician (Deep Elf Wanderer)              Turns: 208, Time: 00:02:39

Health: 0/10       AC:  2    Str: 11    XL:     1   Next: 25%
Magic:  8/8        EV:  7    Int: 17    God:
Gold:   0          SH:  3    Dex: 11    Spells: 7/9 levels left

rFire   . . .        a - +0 short sword
rCold   . . .        d - +0 buckler
rNeg    . . .        c - +0 robe
rPois   .            (no helmet)
rElec   .            (no cloak)
rCorr   .            (no gloves)
SInv    .            (no boots)
Will    .....        (no amulet)
Stlth   ++           (no ring)
HPRegen 0.21/turn    (no ring)
MPRegen 0.11/turn

%: no passive effects
@: constricted
A: no striking features
a: no special abilities


You were on level 1 of the Dungeon.
You visited 1 branch of the dungeon, and saw 1 of its levels.

Inventory:

Hand Weapons
 a - a +0 short sword (weapon)
Armour
 c - a +0 robe (worn)
 d - a +0 buckler (worn)
Scrolls
 g - a scroll of identify {unknown}
Potions
 b - a potion of lignification
 e - a potion of ambrosia {unknown}
 h - a potion of heal wounds {unknown}


   Skills:
 + Level 1.2 Stealth
 + Level 1.5 Shields
 * Level 4.6 Spellcasting
 + Level 2.1 Translocations
 + Level 1.0 Invocations


You had 7 spell levels left.
You knew the following spells:

 Your Spells              Type           Power      Damage    Failure   Level
a - Magic Dart            Conj           12%        1d3       22%         1
p - Apportation           Tloc           22%        N/A       9%          1

Your spell library contained the following spells:

 Spells                   Type           Power      Damage    Failure   Level
 Blink                    Tloc           22%        N/A       13%         2
 Lesser Beckoning         Tloc           22%        N/A       13%         2
 Ignite Poison            Fire/Tmut/Pois 3%         N/A       54%         3
 Vampiric Draining        Necr           3%         2d6       54%         3


Dungeon Overview and Level Annotations

Branches:
Dungeon (1/15)

Altars:


Message History

The ball python attacks as you move away!
The ball python misses you.
The frilled lizard attacks as you move away!
The frilled lizard barely misses you. The bat hits you but does no damage.
The bat hits you. The bat closely misses you. The bat attacks as you move away!
The bat barely misses you. The bat attacks as you move away! The bat hits you.
Found a bubbling green potion.
The bat hits you but does no damage. The bat hits you.
The bat hits you but does no damage. The goblin hits you with a +0 club.
* * * LOW HITPOINT WARNING * * *
The bat hits you but does no damage. The bat closely misses you.
The goblin hits you with a +0 club.
* * * LOW HITPOINT WARNING * * *
The quokka twitches its whiskers.
Okay, then.
As you read the scroll labelled QOIXKOT YTEE, it crumbles to dust.
You assume a fearsome visage.
The ball python looks frightened! x2
The goblin looks frightened!
The bat looks frightened! x2
The frilled lizard looks frightened!
The endoplasm looks frightened!
It was a scroll of fear.
Cornered, the bat turns to fight!
The bat attacks as you move away! The bat hits you but does no damage.
The bat barely misses you.
Cornered, the bat turns to fight!
The bat attacks as you move away! You block the bat's attack.
The bat closely misses you. The quokka attacks as you move away!
The quokka misses you. The bat hits you but does no damage. x2
Found a stone staircase leading down.
The bat hits you but does no damage. x3
The bat closely misses you. You block the bat's attack.
The bat barely misses you. You block the ball python's attack.
The ball python barely misses you. The bat hits you but does no damage.
The ball python bites you.
* * * LOW HITPOINT WARNING * * *
The ball python grabs you. The ball python constricts you.
* * * LOW HITPOINT WARNING * * *
You see here a bubbling green potion.
You hit the ball python but do no damage.
You block the bat's attack. The ball python barely misses you.
The ball python constricts you.
You die...

#..#.....##..########..#
#......S.#............##
......J....#.##########
...#.###g.....##
.....l.#.#.....## ###
#.......#.......# ...#
....##...#....##.......#
# ##.[.....####...>.#
##......rb@S.....#
#.#....b###.....#
#.#....## ##### #......#
#.#....# ########


You could see a quokka, 2 bats and a ball python.

Vanquished Creatures
  A ball python (D:1)
  A kobold (D:1)
2 creatures vanquished.

Notes
Turn   | Place    | Note
-------+----------+-------------------------------------------
     0 | D:1      | Esekla the Deep Elf Wanderer began the quest for the Orb.
     0 | D:1      | Esekla set off with the following items: a +0 club, a
                  | potion of lignification, a +0 robe, a +0 buckler; and the
                  | following spells available to memorise: Apportation, Blink,
                  | Lesser Beckoning, Magic Dart, Ignite Poison, Vampiric
                  | Draining.
     0 | D:1      | Reached XP level 1. HP: 10/10 MP: 7/7
     2 | D:1      | Learned a level 1 spell: Magic Dart
     4 | D:1      | Learned a level 1 spell: Apportation
   208 | D:1      | Constricted to death by a ball python

Illustrated notes

Levels and vault maps discovered:
D:1:      sevenhm_arrival_forest_fort_small_3, layout_rooms,
          chequers_serial_rivers_room_b, minmay_misc_feat_five

Action                     || total
---------------------------++-------
  Melee: Short sword       ||     3
   Cast: Apportation       ||     5
         Magic Dart        ||     3
    Use: Scroll            ||     1
 Armour: Robe              ||    14
  Dodge: Dodged            ||    20
  Block: Buckler           ||     7
